 Dungeon Crawl Stone Soup version 0.28-a0-653-g7e9dba17c3 (webtiles) character file.

Game seed: 15629081126199767070

4698 Gargoyl the Fighter (level 10, -2/82 HPs)
             Began as a Gnoll Abyssal Knight on Oct 12, 2021.
             Was a Priest of Lugonu.
             Slain by a killer bee (6 damage)
             ... on level 7 of the Dungeon.
             The game lasted 00:15:14 (10754 turns).

Gargoyl the Fighter (Gnoll Abyssal Knight)         Turns: 10754, Time: 00:15:14

Health: -2/82      AC: 14    Str: 15    XL:     10   Next: 45%
Magic:  9/17       EV:  6    Int: 10    God:    Lugonu [***...]
Gold:   473        SH:  5    Dex: 13    Spells: 19/19 levels left

rFire   + . .      SeeInvis +   a - +2 hand axe (vorpal)
rCold   . . .      Faith    .   (no shield)
rNeg    . . .      Spirit   .   k - +0 plate armour
rPois   .          Reflect  +   (no helmet)
rElec   .          Harm     .   (no cloak)
rCorr   .          Rampage  .   (no gloves)
Will    .....                   v - +0 pair of boots
Stlth   ..........              f - amulet of reflection
HPRegen 0.23/turn               o - ring of see invisible
MPRegen 0.15/turn               i - ring of protection from fire

@: lethally poisoned (-2 -> -11)
A: fangs 1, strong nose, distributed training
a: Renounce Religion, Depart the Abyss, Bend Space, Banish


You were on level 7 of the Dungeon.
You worshipped Lugonu.
Lugonu was most pleased with you.
You visited 2 branches of the dungeon, and saw 10 of its levels.
You visited the Abyss 1 time.

You collected 473 gold pieces.

Inventory:

Hand Weapons
 a - a +2 vorpal hand axe (weapon)
 n - a +5 falchion
Missiles
 l - 65 poisoned darts (quivered)
Armour
 k - a +0 plate armour (worn)
 v - a +0 pair of boots (worn)
Jewellery
 f - an amulet of reflection (around neck)
 i - a ring of protection from fire (right hand)
 o - a ring of see invisible (left hand)
Wands
 b - a wand of digging (4)
 d - a wand of iceblast (4)
Scrolls
 h - 2 scrolls of teleportation
 m - 4 scrolls of identify
 p - a scroll of fear
 t - a scroll of enchant armour {unknown}
Potions
 e - a potion of mutation
 g - 2 potions of might
 j - a potion of lignification {unknown}
 q - a potion of resistance {unknown}
 r - 2 potions of magic {unknown}
 s - a potion of invisibility {unknown}
 u - 3 potions of heal wounds {unknown}


   Skills:
 + Level 8.5 Fighting
 + Level 5.3 Short Blades
 + Level 5.3 Long Blades
 + Level 7.1 Axes
 + Level 5.3 Maces & Flails
 + Level 5.3 Polearms
 + Level 5.3 Staves
 + Level 5.3 Slings
 + Level 5.3 Bows
 + Level 5.3 Crossbows
 + Level 5.3 Throwing
 + Level 7.1 Armour
 + Level 5.9 Dodging
 + Level 5.3 Stealth
 + Level 5.3 Shields
 + Level 5.3 Unarmed Combat
 + Level 5.3 Spellcasting
 + Level 4.3 Conjurations
 + Level 4.3 Hexes
 + Level 4.3 Summonings
 + Level 4.3 Necromancy
 + Level 4.3 Translocations
 + Level 4.3 Transmutations
 + Level 4.3 Fire Magic
 + Level 4.3 Ice Magic
 + Level 4.3 Air Magic
 + Level 4.3 Earth Magic
 + Level 4.3 Poison Magic
 + Level 7.5 Invocations
 + Level 5.3 Evocations


You had 19 spell levels left.
You didn't know any spells.
Your spell library contained the following spells:

 Spells                   Type           Power      Damage    Failure   Level
 Ozocubu's Armour         Ice            11%        N/A       99%         3
 Fulminant Prism          Conj/Hex       5%         3d7       100%        4
 Iskenderun's Mystic Bla  Conj/Tloc      11%        2d4       100%        4
 Lee's Rapid Deconstruct  Erth           5%         3d7*      100%        5
 Metabolic Englaciation   Hex/Ice        5%         N/A       100%        5
 Simulacrum               Ice/Necr       5%         N/A       100%        6


Dungeon Overview and Level Annotations

Branches:
Dungeon (9/15)             Temple (1/1) D:6
   Lair: D:8-11         Orc: D:9-12

Altars:
Ashenzari
Cheibriados
Dithmenos
Elyvilon
Fedhas
Gozag
Hepliaklqana
Kikubaaqudgha
Makhleb
Nemelex Xobeh
Okawaru
Qazlal
Sif Muna
Trog
Uskayaw
Vehumet
Wu Jian
Xom
Zin
The Shining One

Annotations:
D:5 2 transporters
D:8 RichitheSlayer's ghost, novice MiFi


Innate Abilities, Weirdness & Mutations

You have very sharp teeth.
Your uncanny sense of smell can sniff out nearby items.
Your experience applies equally to all skills.


Message History

* * * LOW HITPOINT WARNING * * *
You are poisoned.
The killer bee poisons you! You block the killer bee's attack.
The killer bee stings you.
* * * LOW HITPOINT WARNING * * *
You climb upwards.
* * * LOW HITPOINT WARNING * * *
You feel very sick.
There is a stone staircase leading down here.
You feel better. The killer bee stings you.
* * * LOW HITPOINT WARNING * * *
You are poisoned.
The killer bee poisons you!
The killer bee stings you but does no damage.
The killer bee barely misses you.
The killer bee stings you but does no damage.
The killer bee closely misses you.
The killer bee stings you but does no damage. x2
The killer bee barely misses you.
Press: ? - help, Shift-Dir - straight line, f - killer bee
Aim: a killer bee (chance to affect: 90%)
The killer bee is devoured by a tear in reality.
Lugonu claims a new guest.
You feel sick. The killer bee stings you.
* * * LOW HITPOINT WARNING * * *
The killer bee stings you but does no damage. x2
The killer bee stings you.
* * * LOW HITPOINT WARNING * * *
You block the killer bee's attack. The killer bee stings you.
* * * LOW HITPOINT WARNING * * *
You are lethally poisoned!
The killer bee poisons you!
Press: ? - help, Shift-Dir - straight line, f - killer bee
Aim: a killer bee (chance to affect: 90%)
The killer bee is devoured by a tear in reality.
Lugonu claims a new guest.
* * * LOW HITPOINT WARNING * * *
You feel very sick. The killer bee closely misses you.
The killer bee stings you.
You die...

#........####.# #...#
#.............# #...#
###..########## #...# #.##
####### #.### #.# #.....#
#.####### #####.### #.....#
#.##.##.. #.......# #§§...#
##.#.#.... #.###.#.# #§y...#
##..[#.##.. #.###.#.# #§@y..#
#..(...####
#.##..#†########.####.....#
#.##.##.........(..###.#..#
#.##.##..#####.#.#.#####..#
#........#####............#
####............##.###########
#####.#####.###.# #....
#...........# ###.###
############# #......


You could see 2 killer bees.

Vanquished Creatures
  An unseen horror (D:8)
  A shadow (D:8)
  9 yaks
  2 water moccasins (D:4)
  An orc warrior (D:8)
  An ogre (D:5)
  A sky beast (D:6)
  2 centaurs
  7 kobold brigands
  A phantom (D:5)
  4 bullfrogs
  2 scorpions (D:5)
  2 killer bees (D:8)
  7 wights
  6 howler monkeys
  2 centaur zombies
  A centaur skeleton (D:7)
  2 hounds
  3 orc priests
  A jelly (D:5)
  6 orc wizards
  3 iguanas
  A howler monkey zombie (D:7)
  5 adders
  7 gnolls
  2 howler monkey skeletons
  2 dart slugs
  12 orcs
  9 ball pythons
  13 endoplasms
  2 giant cockroaches (D:1)
  9 goblins
  5 hobgoblins
  4 jackals (D:2)
  6 kobolds
  4 quokkas
  3 bats (D:1)
  5 rats
154 creatures vanquished.

Vanquished Creatures (others)
  4 plants (D:8)
4 creatures vanquished.

Grand Total: 158 creatures vanquished

Notes
Turn   | Place    | Note
-------+----------+-------------------------------------------
     0 | Abyss:1  | Gargoyl the Gnoll Abyssal Knight began the quest for the
                  | Orb.
     0 | Abyss:1  | Reached XP level 1. HP: 23/23 MP: 3/3
    59 | Abyss:2  | Noticed a rust devil
    70 | Abyss:2  | Noticed a raiju
    70 | Abyss:2  | Noticed a raiju
    88 | Abyss:2  | Noticed an orange demon
   127 | Abyss:2  | Identified the +7 spear of Woe {vorpal, rCorr Int-4 Dex+3}
   144 | Abyss:2  | Noticed a thrashing horror
   146 | D:1      | Escaped the Abyss
   180 | D:1      | Found a faded altar of an unknown god.
   280 | D:1      | Reached * piety under Lugonu
   314 | D:1      | Reached XP level 2. HP: 24/29 MP: 5/5
   926 | D:1      | Reached XP level 3. HP: 35/35 MP: 6/6
  1573 | D:2      | Reached skill level 1 in Short Blades
  1573 | D:2      | Reached skill level 1 in Long Blades
  1573 | D:2      | Reached skill level 1 in Maces & Flails
  1573 | D:2      | Reached skill level 1 in Polearms
  1573 | D:2      | Reached skill level 1 in Staves
  1573 | D:2      | Reached skill level 1 in Slings
  1573 | D:2      | Reached skill level 1 in Bows
  1573 | D:2      | Reached skill level 1 in Crossbows
  1573 | D:2      | Reached skill level 1 in Throwing
  1573 | D:2      | Reached skill level 1 in Stealth
  1573 | D:2      | Reached skill level 1 in Shields
  1573 | D:2      | Reached skill level 1 in Unarmed Combat
  1573 | D:2      | Reached skill level 1 in Spellcasting
  1573 | D:2      | Reached skill level 1 in Evocations
  1700 | D:2      | Reached ** piety under Lugonu
  1701 | D:2      | Reached XP level 4. HP: 38/41 MP: 7/7
  2172 | D:3      | Reached skill level 1 in Conjurations
  2172 | D:3      | Reached skill level 1 in Hexes
  2172 | D:3      | Reached skill level 1 in Summonings
  2172 | D:3      | Reached skill level 1 in Necromancy
  2172 | D:3      | Reached skill level 1 in Translocations
  2172 | D:3      | Reached skill level 1 in Transmutations
  2172 | D:3      | Reached skill level 1 in Fire Magic
  2172 | D:3      | Reached skill level 1 in Ice Magic
  2172 | D:3      | Reached skill level 1 in Air Magic
  2172 | D:3      | Reached skill level 1 in Earth Magic
  2172 | D:3      | Reached skill level 1 in Poison Magic
  2177 | D:3      | Reached XP level 5. HP: 36/47 MP: 8/8
  2577 | D:3      | Found a snail-covered altar of Cheibriados.
  2793 | D:4      | Reached skill level 5 in Invocations
  2811 | D:3      | Reached XP level 6. HP: 49/53 MP: 9/9
  3270 | D:4      | Reached skill level 5 in Axes
  3270 | D:4      | Reached skill level 5 in Armour
  3840 | D:4      | Noticed a water moccasin
  3849 | D:4      | Killed a water moccasin
  4193 | D:5      | Entered Level 5 of the Dungeon
  4203 | D:5      | Reached *** piety under Lugonu
  4204 | D:5      | Reached XP level 7. HP: 50/59 MP: 10/10
  4213 | D:5      | Reached skill level 7 in Fighting
  4811 | D:5      | Reached XP level 8. HP: 67/67 MP: 12/12
  4849 | D:5      | Found a transporter.
  4855 | D:5      | Noticed a kobold demonologist
  4868 | D:5      | Found a transporter.
  5704 | D:6      | Found a staircase to the Ecumenical Temple.
  5736 | D:6      | Noticed a yak
  5736 | D:6      | Noticed a yak
  5737 | D:6      | Noticed a yak
  5737 | D:6      | Noticed a yak
  5739 | D:6      | Noticed a yak
  5741 | D:6      | Noticed a yak
  5744 | D:6      | Killed a yak
  5755 | D:6      | Killed a yak
  5776 | Temple   | Entered the Ecumenical Temple
  5784 | Temple   | HP: 3/67 [yak (10)]
  5806 | Temple   | Killed a yak
  6305 | D:6      | Killed a yak
  6306 | D:6      | Reached XP level 9. HP: 57/73 MP: 14/14
  6325 | D:6      | HP: 2/73 [yak (2)]
  6864 | D:6      | Reached skill level 5 in Dodging
  7157 | D:7      | Reached skill level 8 in Fighting
  7554 | D:7      | Found a hazy altar of Hepliaklqana.
  7555 | D:7      | Found a shimmering altar of Xom.
  7556 | D:7      | Noticed a spectral ugly thing
  8065 | D:8      | Noticed an unseen horror
  8079 | D:8      | Killed an unseen horror
  8080 | D:8      | Reached XP level 10. HP: 67/80 MP: 15/17
  8203 | D:8      | Found a runed translucent gate.
  8203 | D:8      | Found a runed translucent gate.
  8203 | D:8      | Found a runed translucent gate.
  8206 | D:8      | Noticed RichitheSlayer's ghost (novice MiFi)
  8476 | D:8      | Reached skill level 5 in Short Blades
  8476 | D:8      | Reached skill level 5 in Long Blades
  8476 | D:8      | Reached skill level 5 in Maces & Flails
  8476 | D:8      | Reached skill level 5 in Polearms
  8476 | D:8      | Reached skill level 5 in Staves
  8476 | D:8      | Reached skill level 5 in Slings
  8476 | D:8      | Reached skill level 5 in Bows
  8476 | D:8      | Reached skill level 5 in Crossbows
  8476 | D:8      | Reached skill level 5 in Throwing
  8476 | D:8      | Reached skill level 5 in Stealth
  8476 | D:8      | Reached skill level 5 in Shields
  8476 | D:8      | Reached skill level 5 in Unarmed Combat
  8476 | D:8      | Reached skill level 5 in Spellcasting
  8476 | D:8      | Reached skill level 5 in Evocations
  9172 | D:8      | Reached **** piety under Lugonu
  9847 | D:7      | HP: 2/82 [kobold brigand/bolt of acid (21)]
 10754 | D:7      | HP: 4/82 [poisoned by a killer bee]
 10754 | D:7      | Slain by a killer bee

Illustrated notes

Levels and vault maps discovered:
D:1:      minmay_arrival_wavy_path, layout_basic,
          chequers_ecumenical_altar_simple_redux
D:2:      layout_loops_cross, hex_medium
D:3:      layout_loops_ring, mainiacjoe_overflow_paths
D:4:      layout_loops_ring, minmay_parallelograms, minmay_misc_feat_doors,
          minmay_crystal_water, minmay_misc_feat_iff, chequers_garden
D:5:      gammafunk_wand_slinger, layout_loops_ring
D:6:      layout_loops_cross, minmay_temple_entry_stoned_glass,
          minmay_misc_feat_pillars, bh_walls_and_bars
D:7:      layout_loops_cross, regret_index_temple_of_mockery, serial_glass,
          glass_columns_c, glass_columns_c
D:8:      layout_rooms, gammafunk_ghost_nasty_kobolds
D:9:      corexii_shack_village, layout_basic, serial_shops, shop,
          feat_on_display
Temple:   hc_temple_tempest_star

Skill      XL: |  1  2  3  4  5  6  7  8  9 10 |
---------------+-------------------------------+-----
Short Blades   | 1 2 3 4 5 |  5.3
Long Blades    | 1 2 3 4 5 |  5.3
Maces & Flails | 1 2 3 4 5 |  5.3
Polearms       | 1 2 3 4 5 |  5.3
Staves         | 1 2 3 4 5 |  5.3
Slings         | 1 2 3 4 5 |  5.3
Bows           | 1 2 3 4 5 |  5.3
Crossbows      | 1 2 3 4 5 |  5.3
Throwing       | 1 2 3 4 5 |  5.3
Stealth        | 1 2 3 4 5 |  5.3
Shields        | 1 2 3 4 5 |  5.3
Unarmed Combat | 1 2 3 4 5 |  5.3
Spellcasting   | 1 2 3 4 5 |  5.3
Evocations     | 1 2 3 4 5 |  5.3
Conjurations   | 1 2 3 4 |  4.3
Hexes          | 1 2 3 4 |  4.3
Summonings     | 1 2 3 4 |  4.3
Necromancy     | 1 2 3 4 |  4.3
Translocations | 1 2 3 4 |  4.3
Transmutations | 1 2 3 4 |  4.3
Fire Magic     | 1 2 3 4 |  4.3
Ice Magic      | 1 2 3 4 |  4.3
Air Magic      | 1 2 3 4 |  4.3
Earth Magic    | 1 2 3 4 |  4.3
Poison Magic   | 1 2 3 4 |  4.3
Dodging        | 3 4 5 |  5.9
Invocations    | 5 6 7 |  7.5
Axes           | 5 6 7 |  7.1
Armour         | 5 6 7 |  7.1
Fighting       | 7 8 |  8.5

Action                   |  1- 3 |  4- 6 |  7- 9 | 10-12 || total
-------------------------+-------+-------+-------+-------++-------
Melee: Spear             |    72 |    95 |   225 |   138 ||   530
       Bite              |     2 |     2 |    31 |    26 ||    61
       Punch             |       |       |     4 |       ||     4
       Hand axe          |       |       |       |    41 ||    41
Throw: Dart              |       |       |     8 |     8 ||    16
Invok: Depart the Abyss  |     1 |       |       |       ||     1
       Bend Space        |       |       |     2 |     1 ||     3
       Banish            |       |       |       |     3 ||     3
  Use: Scroll            |     2 |     6 |     7 |     4 ||    19
       Potion            |       |       |     1 |     4 ||     5
 Stab: Sleeping          |     2 |       |       |       ||     2
Armor: Leather armour    |    10 |       |       |       ||    10
       Plate armour      |     4 |    47 |   104 |   127 ||   282
Dodge: Dodged            |    36 |     9 |    49 |    67 ||   161
Block: Other             |    10 |    15 |    36 |    48 ||   109
       Reflection        |       |       |     2 |     3 ||     5

Table legend: (Time is in decaauts)
 A = Elapsed time spent in this place.
 B = Non-inter-level travel time spent in this place.
 C = Inter-level travel time spent in this place.
 D = Time resting spent in this place.
 E = Time spent auto-exploring this place.
 F = Levels seen in this place.
 G = Mean time per level.
                   A        B        C        D        E       F      G
               +--------+--------+--------+--------+--------+-----+--------+
         Total |  10734 |  10507 |    227 |   2640 |   6134 |  12 |  894.5 |
       Dungeon |  10079 |   9852 |    227 |   2348 |   5917 |   9 | 1119.9 |
        Temple |    506 |    506 |      0 |    292 |    150 |   1 |  506.0 |
         Abyss |    148 |    148 |      0 |      0 |     67 |   2 |   74.0 |
               +--------+--------+--------+--------+--------+-----+--------+

Top non-repeatable levels by time:
     D:7: 2030 daAuts
     D:8: 1601 daAuts
     D:5: 1284 daAuts
     D:4: 1156 daAuts
     D:1: 1147 daAuts
     D:3: 1123 daAuts
     D:6: 1013 daAuts
     D:2: 714 daAuts
  Temple: 506 daAuts
 Abyss:2: 103 daAuts
 Abyss:1: 45 daAuts
     D:9: 6 daAuts
